 Dungeon Crawl Stone Soup version 0.30.1-3-gfc49f6343a (webtiles) character file.

Game seed: 2958655315010288448

87 GimliDwarf the Ducker (level 4, -7/32 HPs)
             Began as a Gnoll Wanderer on Aug 7, 2023.
             Killed from afar by Ijyb (21 damage)
             ... with a bolt of light
             ... on level 2 of the Dungeon.
             The game lasted 00:04:54 (1369 turns).

GimliDwarf the Ducker (Gnoll Wanderer)              Turns: 1369, Time: 00:04:54

Health: -7/32      AC:  4    Str: 11    XL:     4   Next: 51%
Magic:  7/11       EV: 15    Int:  9    God:
Gold:   128        SH:  0    Dex: 16    Spells: 12/13 levels left

rFire   . . .        a - +2 sling
rCold   . . .        (no shield)
rNeg    . . .        d - +0 leather armour
rPois   .            (no helmet)
rElec   .            (no cloak)
rCorr   .            (no gloves)
SInv    .            b - +0 pair of boots
Will    .....        (no amulet)
Stlth   ++           (no ring)
HPRegen 0.25/turn    (no ring)
MPRegen 0.12/turn

%: no passive effects
@: very slightly contaminated
A: fangs 1, strong nose, distributed training
a: no special abilities


You were on level 2 of the Dungeon.
You visited 1 branch of the dungeon, and saw 3 of its levels.

You collected 128 gold pieces.

Inventory:

Hand Weapons
 a - a +2 sling (weapon)
 h - a +1 short sword of holy wrath
Armour
 b - a +0 pair of boots (worn)
 d - a +0 leather armour (worn)
 f - a +0 ring mail of cold resistance
Scrolls
 g - 3 scrolls of enchant weapon {unknown}
 i - a scroll of enchant armour {unknown}
 j - a scroll of poison {unknown}
 l - 2 scrolls of identify {unknown}
 m - a scroll of amnesia {unknown}
Potions
 c - a potion of berserk rage
 e - a potion of brilliance {unknown}
 k - a potion of invisibility {unknown}


   Skills:
 + Level 1.2 Fighting
 + Level 1.2 Short Blades
 + Level 1.2 Long Blades
 + Level 1.2 Axes
 + Level 1.2 Maces & Flails
 + Level 1.2 Polearms
 + Level 1.2 Staves
 + Level 4.7 Ranged Weapons
 + Level 1.2 Throwing
 + Level 4.7 Armour
 + Level 6.6 Dodging
 + Level 1.2 Stealth
 + Level 1.2 Shields
 + Level 1.2 Unarmed Combat
 + Level 5.1 Spellcasting
 + Level 1.0 Conjurations
 + Level 1.0 Hexes
 + Level 1.0 Summonings
 + Level 1.0 Necromancy
 + Level 1.0 Translocations
 + Level 1.0 Transmutations
 + Level 1.0 Fire Magic
 + Level 1.0 Ice Magic
 + Level 1.0 Air Magic
 + Level 2.3 Earth Magic
 + Level 1.0 Poison Magic
 + Level 1.3 Invocations
 + Level 1.2 Evocations


You had 12 spell levels left.
You knew the following spells:

 Your Spells              Type           Power      Damage    Failure   Level
a - Sandblast             Erth           12%        2d6       12%         1

Your spell library contained the following spells:

 Spells                   Type           Power      Damage    Failure   Level
 Ensorcelled Hibernation  Hex/Ice        8%         N/A       30%         2
 Stone Arrow              Conj/Erth      10%        3d7       43%         3
 Spider Form              Tmut/Pois      4%         N/A       52%         3
 Anguish                  Hex/Necr       2%         N/A       90%         4


Dungeon Overview and Level Annotations

Branches:
Dungeon (3/15)

Altars:

Annotations:
D:2 Ijyb
D:3 Robin


Innate Abilities, Weirdness & Mutations

You have very sharp teeth.
Your uncanny sense of smell can sniff out nearby items.
Your experience applies equally to all skills.


Message History

You shoot a sling bullet.
The sling bullet hits Ijyb but does no damage.
Ijyb is lightly wounded.
Ijyb hits you with a +0 club.
You climb upwards.
There is a stone staircase leading down here.
Casting: Sandblast (safe; 12% risk of failure)
Confirm with . or Enter, or press ? or * to list all spells.
Aiming: Sandblast (safe; 12% risk of failure)
Press: ? - help, Shift-Dir - straight line, f - Ijyb
Aim: Ijyb, wielding a +0 club, wearing a +0 leather armour and carrying a wand of light (7) (lightly wounded, 76% to hit)
You miscast Sandblast.
You are very lightly contaminated with residual magic.
Nothing appears to happen.
Ijyb barely misses you.
Casting: Sandblast (safe; 12% risk of failure)
Confirm with . or Enter, or press ? or * to list all spells.
Aiming: Sandblast (safe; 12% risk of failure)
Press: ? - help, Shift-Dir - straight line, f/p - Ijyb
Aim: Ijyb, wielding a +0 club, wearing a +0 leather armour and carrying a wand of light (7) (lightly wounded, 76% to hit)
The blast of sand hits Ijyb but does no damage.
Ijyb is lightly wounded.
Ijyb zaps a wand.
The bolt of light hits you! Ijyb hits you but does no damage.
Casting: Sandblast (safe; 12% risk of failure)
Confirm with . or Enter, or press ? or * to list all spells.
Aiming: Sandblast (safe; 12% risk of failure)
Press: ? - help, Shift-Dir - straight line, f/p - Ijyb
Aim: Ijyb, wielding a +0 club, wearing a +0 leather armour and carrying a wand of light (6) (lightly wounded, 76% to hit)
The blast of sand hits Ijyb but does no damage.
Ijyb is lightly wounded.
Ijyb zaps a wand.
The bolt of light hits you.
Casting: Sandblast (safe; 12% risk of failure)
Confirm with . or Enter, or press ? or * to list all spells.
Aiming: Sandblast (safe; 12% risk of failure)
Press: ? - help, Shift-Dir - straight line, f/p - Ijyb
Aim: Ijyb, wielding a +0 club, wearing a +0 leather armour and carrying a wand of light (5) (lightly wounded, 76% to hit)
The blast of sand hits Ijyb.
Ijyb is lightly wounded.
Ijyb zaps a wand.
The bolt of light hits you!!
Ouch! That really hurt!
You die...

######### #.....g.###
#....@..'.###
#.......#...##
#.......#.#..#########
#.......#.............
#.......'...##########
##.......#...#
########
#........#...#
#.......
#...##'#.#...#
#.......
#...##.#.....#
#.......


You could see Ijyb.

Vanquished Creatures
  3 gnolls (D:2)
  An adder (D:2)
  A worm (D:2)
  A dart slug (D:2)
  8 bats
  2 endoplasms
  A giant cockroach (D:1)
  6 hobgoblins
  7 kobolds
  A quokka (D:1)
  2 ball pythons (D:2)
  3 frilled lizards
  4 goblins
  4 rats (D:1)
44 creatures vanquished.

Notes
Turn   | Place    | Note
-------+----------+-------------------------------------------
     0 | D:1      | GimliDwarf the Gnoll Wanderer began the quest for the Orb.
     0 | D:1      | GimliDwarf set off with the following items: a +2 sling, a
                  | +0 pair of boots, a potion of berserk rage, a +0 leather
                  | armour; and the following spell memorised: Sandblast; and
                  | the following spells available to memorise: Stone Arrow.
     0 | D:1      | Reached XP level 1. HP: 13/13 MP: 6/6
   120 | D:1      | Reached XP level 2. HP: 19/19 MP: 7/7
   508 | D:2      | Reached skill level 5 in Spellcasting
   508 | D:2      | Reached XP level 3. HP: 25/25 MP: 7/9
   514 | D:2      | Reached skill level 1 in Invocations
   517 | D:2      | Reached skill level 1 in Fighting
   517 | D:2      | Reached skill level 1 in Short Blades
   517 | D:2      | Reached skill level 1 in Long Blades
   517 | D:2      | Reached skill level 1 in Axes
   517 | D:2      | Reached skill level 1 in Maces & Flails
   517 | D:2      | Reached skill level 1 in Polearms
   517 | D:2      | Reached skill level 1 in Staves
   517 | D:2      | Reached skill level 1 in Throwing
   517 | D:2      | Reached skill level 1 in Stealth
   517 | D:2      | Reached skill level 1 in Shields
   517 | D:2      | Reached skill level 1 in Unarmed Combat
   517 | D:2      | Reached skill level 1 in Evocations
   695 | D:2      | Reached XP level 4. HP: 32/32 MP: 11/11
  1103 | D:2      | Reached skill level 1 in Conjurations
  1103 | D:2      | Reached skill level 1 in Hexes
  1103 | D:2      | Reached skill level 1 in Summonings
  1103 | D:2      | Reached skill level 1 in Necromancy
  1103 | D:2      | Reached skill level 1 in Translocations
  1103 | D:2      | Reached skill level 1 in Transmutations
  1103 | D:2      | Reached skill level 1 in Fire Magic
  1103 | D:2      | Reached skill level 1 in Ice Magic
  1103 | D:2      | Reached skill level 1 in Air Magic
  1103 | D:2      | Reached skill level 1 in Poison Magic
  1157 | D:2      | Found a faded altar of an unknown god.
  1346 | D:3      | Noticed Robin
  1347 | D:3      | Noticed Ijyb
  1369 | D:2      | Killed from afar by Ijyb

Illustrated notes

Levels and vault maps discovered:
D:1:      lemuel_arrival_lava_pool, layout_basic
D:2:      layout_basic, shapermc_ecumenical_altar_acropolis
D:3:      layout_basic, mainiacjoe_overflow_catwalk_spiral, serial_shops, shop,
          nicolae_goblin_pals

Skill      XL: |  1  2  3  4 |
---------------+-------------+-----
Earth Magic    | 2 |  2.3
Spellcasting   | 5 |  5.1
Invocations    | 1 |  1.3
Fighting       | 1 |  1.2
Short Blades   | 1 |  1.2
Long Blades    | 1 |  1.2
Axes           | 1 |  1.2
Maces & Flails | 1 |  1.2
Polearms       | 1 |  1.2
Staves         | 1 |  1.2
Throwing       | 1 |  1.2
Stealth        | 1 |  1.2
Shields        | 1 |  1.2
Unarmed Combat | 1 |  1.2
Evocations     | 1 |  1.2
Conjurations   | 1 |  1.0
Hexes          | 1 |  1.0
Summonings     | 1 |  1.0
Necromancy     | 1 |  1.0
Translocations | 1 |  1.0
Transmutations | 1 |  1.0
Fire Magic     | 1 |  1.0
Ice Magic      | 1 |  1.0
Air Magic      | 1 |  1.0
Poison Magic   | 1 |  1.0
Ranged Weapons | |  4.7
Armour         | |  4.7
Dodging        | |  6.6

Action                     |  1- 3 |  4- 6 || total
---------------------------+-------+-------++-------
   Fire: Sling             |    57 |    41 ||    98
   Cast: Sandblast         |     5 |     7 ||    12
 Armour: Leather armour    |     5 |    11 ||    16
  Dodge: Dodged            |    14 |    24 ||    38
